 Dungeon Crawl Stone Soup version 0.24.0-13-gcf9b319 (webtiles) character file.

Game seed: 3161310337932766767, levelgen mode: deterministic

40 Fortress the Grave Robber (level 3, -8/24 HPs)
             Began as a Demonspawn Necromancer on Jan 13, 2020.
             Mangled by Sigmund
             ... wielding a +2 scythe of venom
              (11 damage)
             ... on level 2 of the Dungeon on Jan 14, 2020.
             The game lasted 00:05:23 (1697 turns).

Fortress the Grave Robber (Demonspawn Necromancer)  Turns: 1697, Time: 00:05:23

Health: -8/24      AC:  2    Str:  8    XL:     3   Next: 30%
Magic:  0/6        EV: 12    Int: 17    God:
Gold:   60         SH:  0    Dex: 13    Spells: 6/7 levels left

rFire    . . .     SeeInvis .   d - +0 mace
rCold    . . .     Gourm    .   (no shield)
rNeg     . . .     Faith    .   a - +0 robe
rPois    .         Spirit   +   (helmet restricted)
rElec    .         Reflect  .   (no cloak)
rCorr    .         Harm     .   (no gloves)
MR       .....                  (no boots)
Stlth    ++........             (no amulet)
HPRegen  0.08/turn              (no ring)
MPRegen  0.10/turn              (no ring)

@: lethally poisoned (-8 -> -29)
A: antennae 1, magic shield
a: no special abilities


You were on level 2 of the Dungeon.
You were hungry.

You visited 1 branch of the dungeon, and saw 2 of its levels.

You collected 60 gold pieces.

Inventory:

Hand Weapons
 d - a +0 mace (weapon)
Armour
 a - a +0 robe (worn)
Scrolls
 e - a scroll of blinking {unknown}
 i - 2 scrolls of identify {unknown}
 k - 3 scrolls of teleportation {unknown}
 l - a scroll of amnesia {unknown}
 m - a scroll of immolation {unknown}
 n - a scroll of random uselessness {unknown}
 o - a scroll of remove curse {unknown}
Potions
 b - 2 potions of heal wounds {unknown}
 f - a potion of mutation {unknown}
 h - a potion of haste {unknown}
 j - a potion of cancellation {unknown}
Comestibles
 c - 2 rations


   Skills:
 - Level 2.0 Dodging
 + Level 1.9 Stealth
 + Level 2.5 Spellcasting
 + Level 5.1 Necromancy


You had 6 spell levels left.
You knew the following spells:

 Your Spells              Type           Power        Failure   Level  Hunger
a - Pain                  Necr           ###.         2%          1    #......

Your spell library contained the following spells:

 Spells                   Type           Power        Failure   Level  Hunger
 Animate Skeleton         Necr           N/A          2%          1    #......
 Vampiric Draining        Necr           ###.......   7%          3    ###....
 Regeneration             Chrm/Necr      ##........   19%         3    ###....
 Animate Dead             Necr           N/A          22%         4    #####..


Dungeon Overview and Level Annotations

Branches:
Dungeon (2/15)

Altars:

Annotations:
D:2 Sigmund


Innate Abilities, Weirdness & Mutations

You have a pair of small antennae on your head.
When hurt, damage is shared between your health and your magic reserves.


Message History

You hit Sigmund.
Sigmund is moderately wounded.
You feel sick. Sigmund misses you.
You hit Sigmund.
Sigmund is heavily wounded.
You feel sick. Sigmund gestures at you while chanting. The magic dart hits you.
You sock Sigmund!
Sigmund is severely wounded.
You feel sick.
Sigmund is no longer blind.
Sigmund hits you with a +2 scythe of venom!
* * * LOW HITPOINT WARNING * * *
You are more poisoned.
You barely miss Sigmund.
Sigmund is severely wounded.
* * * LOW HITPOINT WARNING * * *
You feel sick.
Sigmund hits you with a +2 scythe of venom!
You die...

#.........#.......#
#.........#.....###
#.........#... #
##.#.###..##.#+# ##
#.#.# ##.##.#.# #.
#)#.# #....#.###.
#.#.# #..#.......
#.#.####....#.###.
#@#.........#.# #.
#@#.........#.###.
.(.........>......
##.#.......#.......
#.........+...####
..........###.#
##..#+##### #.# ..
#.# #.#


You could see Sigmund.

Vanquished Creatures
  An adder (D:2)
  A dart slug (D:1)
  A leopard gecko (D:2)
  3 goblins
  4 hobgoblins
  4 jackals (D:1)
  4 kobolds (D:1)
  4 bats (D:1)
  4 rats
26 creatures vanquished.

Notes
Turn   | Place    | Note
-------+----------+-------------------------------------------
     0 | D:1      | Fortress the Demonspawn Necromancer began the quest for the
                  | Orb.
     0 | D:1      | Reached XP level 1. HP: 13/13 MP: 3/3
   625 | D:1      | Gained mutation: When hurt, damage is shared between your
                  | health and your magic reserves. [demonic ancestry]
   625 | D:1      | Reached XP level 2. HP: 18/19 MP: 1/5
  1197 | D:1      | Reached skill level 5 in Necromancy
  1493 | D:2      | Gained mutation: You have a pair of small antennae on your
                  | head. [demonic ancestry]
  1493 | D:2      | Reached XP level 3. HP: 22/24 MP: 2/6
  1664 | D:2      | Noticed Sigmund
  1697 | D:2      | Mangled by Sigmund

Levels and vault maps discovered:
D:1:      roderic_octagonal_star, layout_basic
D:2:      layout_basic, lemuel_zombie_altar_kikubaaqudgha, minmay_between,
          uniq_sigmund

Skill      XL: |  1  2 |
---------------+-------+-----
Dodging        | 2 |  2.0
Necromancy     | 5 |  5.1
Stealth        | |  1.9
Spellcasting   | |  2.5

Action                   || total
-------------------------++-------
Melee: Mace              ||    22
Throw: Dart              ||     3
 Cast: Pain              ||    41
  Eat: Chunk             ||     2
Armor: Robe              ||     4
Dodge: Dodged            ||    24
